 Dungeon Crawl Stone Soup version 0.22.1-5-g62c59d9 (webtiles) character file.

117 orangequarter the Cutter (level 4, -7/37 HPs)
             Began as a Demonspawn Berserker on Jan 13, 2019.
             Was a Believer of Trog.
             Killed by divine providence
             ... invoked by an orc priest
              (20 damage)
             ... on level 3 of the Dungeon.
             The game lasted 00:05:13 (1853 turns).

orangequarter the Cutter (Demonspawn Berserker)     Turns: 1853, Time: 00:05:14

Health: -7/37      AC: 10    Str: 18    XL:     4   Next: 71%
Magic:  4/4        EV: 14    Int:  9    God:    Trog [**....]
Gold:   126        SH:  0    Dex: 12    Spells: 3/3 levels left

rFire    . . .     SeeInvis .   d - +2 dagger (protect)
rCold    + . .     Gourm    .   (no shield)
rNeg     . . .     Faith    .   n - +0 leather armour
rPois    .         Spirit   .   (no helmet)
rElec    .         Reflect  .   (no cloak)
rCorr    .         Harm     +   (no gloves)
MR       .....                  (no boots)
Stlth    +.........             j - amulet of harm
HPRegen  0.12/turn              i - ring of protection from cold
MPRegen  0.09/turn              (no ring)

@: protection aura
A: repulsion field 1, spiny 1
a: Berserk, Trog's Hand, Renounce Religion


You were on level 3 of the Dungeon.
You worshipped Trog.
Trog was pleased with you.
You were not hungry.

You visited 1 branch of the dungeon, and saw 3 of its levels.

You collected 126 gold pieces.

Inventory:

Hand Weapons
 a - a +0 short sword
 d - a +2 dagger of protection (weapon)
Armour
 b - a +0 animal skin
 n - a +0 leather armour (worn)
 r - a +0 scale mail
Jewellery
 i - a ring of protection from cold (left hand)
 j - an amulet of harm (around neck)
 m - a +4 amulet of reflection
Scrolls
 e - a scroll of noise {unknown}
 f - 2 scrolls of enchant armour {unknown}
 g - 2 scrolls of remove curse
 h - a scroll of identify
 k - 2 scrolls of magic mapping {unknown}
 l - a scroll of teleportation {unknown}
 t - a scroll of blinking {unknown}
 v - a scroll of amnesia {unknown}
 w - a scroll of random uselessness {unknown}
Potions
 o - a potion of haste {unknown}
 p - a potion of might
 q - a potion of resistance {unknown}
 s - a potion of heal wounds {unknown}
 u - a potion of curing {unknown}
Comestibles
 c - 9 rations


   Skills:
 + Level 3.7 Fighting
 + Level 4.0 Short Blades
 + Level 2.1 Armour
 + Level 2.3 Dodging
 + Level 0.2 Stealth


You had 3 spell levels left.
You didn't know any spells.
Your spell library was empty.

Dungeon Overview and Level Annotations

Branches:
Dungeon (3/15)

Altars:


Innate Abilities, Weirdness & Mutations

You are surrounded by a mild repulsion field. (EV +2)
You are partially covered in sharp spines.


Message History

You hit the orc.
The orc is almost dead.
The orc priest calls upon Beogh to heal the orc.
The orc is healed somewhat.
You hit the orc but do no damage.
The orc is lightly wounded.
The orc barely misses you.
You hit the orc but do no damage.
The orc is lightly wounded.
The orc priest hits you from afar with a trident.
The orc misses you.
You hit the orc but do no damage.
The orc is lightly wounded.
The orc priest closely misses you. The orc hits you.
You hit the orc.
The orc is moderately wounded.
The orc priest invokes the aid of Beogh against you.
Beogh smites you!
Ouch! That really hurt!
You die...

#.# #.# #.#
#.# #.# #.#
#.#
#.########+
#..@oo.....
###########


You could see an orc priest and an orc.

Vanquished Creatures
  2 adders
  An adder skeleton (D:2)
  A worm (D:2)
  4 dart slugs
  4 leopard geckos (D:1)
  7 orcs (D:3)
  5 bats
  2 giant cockroaches (D:3)
  6 goblins
  10 hobgoblins
  4 jackals (D:2)
  9 kobolds
  A quokka (D:2)
  A ball python (D:3)
  8 frilled lizards
  A quokka zombie (D:3)
  4 rats
70 creatures vanquished.

Notes
Turn   | Place    | Note
-------+----------+-------------------------------------------
     0 | D:1      | orangequarter the Demonspawn Berserker began the quest for
                  | the Orb.
     0 | D:1      | Reached XP level 1. HP: 18/18 MP: 1/1
    72 | D:1      | Gained mutation: You are surrounded by a mild repulsion
                  | field. (EV +2) [demonic ancestry]
    72 | D:1      | Reached XP level 2. HP: 24/24 MP: 2/2
   137 | D:1      | Reached skill level 3 in Short Blades
   339 | D:1      | Reached ** piety under Trog
   343 | D:1      | Gained mutation: You are partially covered in sharp spines.
                  | [demonic ancestry]
   343 | D:1      | Reached XP level 3. HP: 27/29 MP: 3/3
   745 | D:2      | Reached XP level 4. HP: 35/36 MP: 4/4
  1742 | D:3      | Reached skill level 4 in Short Blades
  1853 | D:3      | Killed from afar by an orc priest

Skill      XL: |  1  2  3  4 |
---------------+-------------+-----
Short Blades   | 3 4 |  4.0
Dodging        | 2 |  2.3
Armour         | 2 |  2.1
Fighting       | |  3.7
Stealth        | |  0.2

Action                   |  1- 3 |  4- 6 || total
-------------------------+-------+-------++-------
Melee: Short sword       |    14 |       ||    14
       Dagger            |   104 |    87 ||   191
  Use: Scroll            |     1 |     1 ||     2
       Potion            |       |     1 ||     1
  Eat: Ration            |       |     1 ||     1
Armor: Animal skin       |    24 |       ||    24
       Leather armour    |    16 |    14 ||    30
Dodge: Dodged            |    86 |    45 ||   131
